 Dungeon Crawl Stone Soup version 0.21-a0-625-g1119ec1 (webtiles) character file.

121016 Lavandula the Slicer (level 16, -6/117 HPs)
             Began as a Mummy Chaos Knight on Dec 24, 2017.
             Killed from afar by an ice dragon (23 damage)
             ... with a blast of cold
             ... on level 1 of the Spider Nest.
             The game lasted 02:09:24 (32242 turns).

Lavandula the Slicer (Mummy Chaos Knight)          Turns: 32242, Time: 02:09:36

Health: -6/117     AC: 20    Str: 16    XL:     16   Next: 31%
Magic:  15/28      EV: 16    Int: 15    God:    Xom [...*..]
Gold:   3177       SH:  0    Dex: 14    Spells: 0/31 levels left

rFire    x . .     SeeInvis +   C - +7 dagger (elec)
rCold    + . .     Gourm    .   R - +2 buckler {AC+3}
rNeg     + + +     Faith    .   G - +3 troll leather armour
rPois    ∞         Spirit   .   p - +2 helmet
rElec    .         Reflect  .   q - scarf {repulsion}
rCorr    .         Harm     .   h - +2 pair of gloves {archery}
MR       ++...                  c - +0 pair of boots
Stlth    +.........             (no amulet)
HPRegen  0.69/turn              B - ring of see invisible
MPRegen  0.21/turn              f - +1 ring of protection

@: confused, repel missiles
A: no food or potions, fire vulnerability, cold resistance 1, negative energy
resistance 3, torment resistance, unbreathing, in touch with death 1
a: Renounce Religion


You were on level 1 of the Spider Nest.
You worshipped Xom.
You were a favourite toy of Xom.
You were not hungry.

You visited 6 branches of the dungeon, and saw 28 of its levels.
You also visited: Ice Cave.

You collected 3707 gold pieces.
You spent 530 gold pieces at shops.

Inventory:

Hand Weapons
 a - a +2 dagger of venom
 d - a +3 blowgun
 v - a +3 dagger of chaos
 C - a +7 dagger of electrocution (weapon)
Missiles
 b - 4 javelins of returning (quivered)
 l - 8 tomahawks of dispersal
 o - 197 poisoned needles
 H - 7 needles of frenzy
 K - 27 curare-tipped needles
 L - 9 throwing nets
Armour
 c - a +0 pair of boots (worn)
 h - a +2 pair of gloves of archery (worn)
 p - a +2 helmet (worn)
 q - a scarf of repulsion (worn)
 z - a +2 robe of resistance
 E - a +0 robe of fire resistance
 G - a +3 troll leather armour (worn)
 R - a +2 buckler of protection (worn)
Jewellery
 f - a +1 ring of protection (right hand)
 k - an uncursed ring of flight
 B - a ring of see invisible (left hand)
Wands
 m - a wand of digging (57)
 r - a wand of enslavement (29)
 s - a wand of polymorph (12)
 t - a wand of iceblast (21)
 u - a wand of flame (111)
 y - a wand of paralysis (8)
 Q - a wand of acid (10)
Scrolls
 e - 9 scrolls of remove curse
 g - 23 scrolls of teleportation
 i - 4 scrolls of fog
 j - 3 scrolls of blinking
 n - 2 scrolls of magic mapping
 w - 7 scrolls of identify
 x - 2 scrolls of vulnerability
 A - a scroll of summoning
 I - a scroll of torment
 J - 3 scrolls of fear
 P - a scroll of immolation
Books
 D - a book of Beasts

   Spells                             Type                      Level
   a - Summon Butterflies             Summoning                    1
   b - Call Canine Familiar           Summoning                    3
   c - Summon Ice Beast               Ice/Summoning                4
   d - Summon Mana Viper              Hexes/Summoning              5
   e - Summon Hydra                   Summoning                    7
Miscellaneous
 F - a sack of spiders
 M - a lamp of fire (inert)
 X - a lightning rod (4/4)
 Y - a phial of floods


   Skills:
 - Level 8.2 Fighting
 - Level 10.3 Short Blades
 - Level 4.3 Throwing
 - Level 6.5 Armour
 - Level 7.2 Dodging
 - Level 5.0 Stealth
 - Level 5.7 Shields
 - Level 8.2 Spellcasting
 - Level 8.0 Conjurations
 - Level 7.7 Summonings
 - Level 5.2 Translocations
 - Level 8.0 Fire Magic
 - Level 7.3 Air Magic
 + Level 4.1 Poison Magic
 - Level 4.9 Evocations


You couldn't memorise any spells.
You knew the following spells:

 Your Spells              Type           Power        Failure   Level  Hunger
a - Conjure Flame         Conj/Fire      ####....     1%          3    N/A
b - Sticky Flame          Conj/Fire      ####....     4%          4    N/A
c - Throw Flame           Conj/Fire      ####..       1%          2    N/A
d - Fireball              Conj/Fire      ####......   14%         5    N/A
e - Olgreb's Toxic Radia  Pois           ###.....     24%         4    N/A
f - Dazzling Spray        Conj/Hex       ###...       8%          3    N/A
g - Mephitic Cloud        Conj/Pois/Air  ####....     2%          3    N/A
h - Blink                 Tloc           N/A          2%          2    N/A
i - Summon Lightning Spi  Summ/Air       ####....     6%          4    N/A
j - Summon Butterflies    Summ           ####....     1%          1    N/A

Dungeon Overview and Level Annotations

Branches:
Dungeon (15/15)            Temple (0/1) D:4            Lair (6/6) D:10
 Shoals (3/4) Lair:2       Spider (1/4) Lair:4        Slime (0/5) Lair:6
    Orc (2/2) D:11            Elf (1/3) Orc:2        Vaults (0/5) D:13
 Depths: D:15

Altars:
Fedhas
Qazlal
Xom
Beogh
Jiyva

Shops:
Orc:2 *[[:

Annotations:
D:9 Erica, Prince Ribbit
D:13 4 runed doors
Lair:6 1 runed door


Innate Abilities, Weirdness & Mutations

You do not eat or drink.
Your flesh is vulnerable to fire.
You are immune to poison.
Your flesh is cold resistant. (rC+)
You are immune to negative energy. (rN+++)
You are immune to unholy pain and torment.
You can survive without breathing.
You are in touch with the powers of death.


Message History

Okay, then.
Evoke which item? (* to show all) (? for menu, Esc to quit)
You're too confused!
Unknown command.
The redback bites you.
* * * LOW HITPOINT WARNING * * *
The redback bites you but does no damage.
The redback completely misses you.
You pick your way through the web.
The redback bites you but does no damage.
The redback barely misses you.
The redback bites you but does no damage. x2
There is a web here.
You hit the redback.
The redback is heavily wounded.
The redback misses you. The ice dragon breathes frost at you.
The blast of cold hits you! You resist.
You die...
Xom chuckles heartily!

### ###..####
#.......#### ### ##
#.[.....#..###^## #.##
#.......#†.##_.s##...##.
#...).^^....s.s@.......
#...........ssDs#.....#
#..............(.......
.#...........>..........
.%......................
..................$.....
...........†..†........^
............<.._........
....................#...


You could see an ice dragon, a tarantella and 5 redbacks.

Vanquished Creatures
  Jorgrun (Shoals:3)
  An orc warlord (Orc:1)
  Nessos (Lair:6)
  2 merfolk impalers
  An ice dragon (D:13)
  8 vault guards
  4 hydras
  An anaconda (Shoals:1)
  3 merfolk avatars
  4 centaur warriors
  A satyr (Shoals:2)
  22 two-headed ogres
  An alligator snapping turtle (Shoals:2)
  5 ogre magi
  3 merfolk aquamancers
  Sonja (Lair:1)
  3 unseen horrors
  A death drake (D:8)
  6 sea snakes
  10 harpies
  A deep elf mage (Orc:2)
  An orc knight (Orc:2)
  Pikel (D:4)
  An orb spider (Spider:1)
  3 wolf spiders (Lair:4)
  10 fauns
  An orc sorcerer (Orc:2)
  2 moths of wrath
  4 cyclopes
  3 merfolk sirens
  3 ugly things (D:14)
  6 manticores
  A black mamba (Lair:1)
  4 elephants
  2 torpor snails
  8 spiny frogs
  A water nymph (Shoals:3)
  2 rime drakes
  A freezing wraith (D:10)
  10 komodo dragons
  A demonic crawler (Lair:4)
  10 merfolk
  A troll (D:11)
  3 meliai (D:14)
  8 polar bears
  5 jumping spiders (Lair:4)
  5 hornets
  11 blink frogs
  5 wind drakes
  7 hippogriffs
  3 snapping turtles
  12 dream sheep
  A centaur simulacrum (D:13)
  17 redbacks
  A vampire (D:13)
  11 water elementals
  4 wyverns
  A wraith (D:11)
  A fire bat (D:11)
  8 tarantellas
  38 yaks
  Grum (Lair:1)
  3 hungry ghosts
  A basilisk (Lair:1)
  A golden eye (Lair:1)
  A harpy simulacrum (D:15)
  2 acid dragons
  14 water moccasins
  7 porcupines
  2 big kobolds
  8 ice beasts
  15 orc warriors
  A phantom (D:6)
  3 black bears
  A black bear (shapeshifter) (D:14)
  2 necrophages
  2 eyes of draining
  15 wolves
  29 ogres
  13 centaurs
  9 crocodiles
  The ghost of Potsanchik the Vexing, an amateur DEAM (D:3)
  22 bullfrogs
  A wyvern zombie (D:13)
  An earth elemental (Orc:2)
  A water moccasin zombie (D:8)
  A wyvern skeleton (D:13)
  A water moccasin skeleton (D:11)
  21 killer bees
  7 scorpions
  4 howler monkeys
  7 wights
  7 crimson imps
  A bullfrog zombie (D:13)
  3 centaur zombies
  6 jellies
  4 hounds
  13 orc priests
  A bullfrog skeleton (D:10)
  13 orc wizards
  8 centaur skeletons
  An iguana (D:12)
  10 worker ants
  6 hell rats (Lair:6)
  A bullfrog simulacrum (D:13)
  3 gnolls (D:8)
  8 adders
  2 shadow imps
  3 white imps (D:13)
  5 oozes
  An adder zombie (D:4)
  2 adder skeletons
  2 worms
  2 dart slugs (D:2)
  10 leopard geckos
  77 orcs
  6 giant cockroaches
  10 goblins
  4 hobgoblins
  9 jackals
  25 kobolds
  8 quokkas
  A ball python (D:3)
  6 bats
  7 frilled lizards
  4 rats
  A rat (shapeshifter) (D:4)
  A fungus (Lair:5)
  A plant (Lair:6)
766 creatures vanquished.

Vanquished Creatures (collateral kills)
  An orc warlord (Orc:2)
  A merfolk impaler (Shoals:3)
  A two-headed ogre (D:12)
  The ghost of Gorice the Cleaver, a novice DsWn of Qazlal (D:8)
  An orb spider (Spider:1)
  An ugly thing (D:14)
  An orc sorcerer (Orc:2)
  A cyclops (D:12)
  A merfolk siren (Shoals:3)
  A gargoyle (D:14)
  2 trolls
  A merfolk (Shoals:3)
  A redback (Spider:1)
  3 yaks
  A warg (Orc:2)
  An orc warrior (D:6)
  3 ice beasts
  A necrophage (D:8)
  An ogre (D:12)
  A centaur (D:14)
  A crocodile (D:14)
  3 wights (D:12)
  2 orc priests
  An orc wizard (Orc:1)
  An iguana (D:12)
  A worker ant (D:12)
  A shadow imp (D:12)
  7 orcs
  A kobold (D:8)
43 creatures vanquished.

Vanquished Creatures (others)
  Frances (D:14)
  A hydra (Lair:6)
  A harpy (Shoals:1)
  A wolf spider (Lair:4)
  A rime drake (Lair:6)
  A jumping spider (Spider:1)
  The ghost of Potsanchik the Vexing, an amateur DEAM of Okawaru (D:5)
  A redback (Lair:4)
  A basilisk (D:12)
  A wyvern (D:8)
  A sky beast (D:9)
  An ogre (Orc:1)
  A black bear (D:12)
  A slave (D:4)
  A centaur (D:12)
  The ghost of p0werm0de the Sneak, an amateur OpEn of Yredelemnul (D:4)
  2 wights (D:12)
  An iguana (D:4)
  A white imp (D:13)
  2 orcs (D:3)
  A giant cockroach (D:4)
  A frilled lizard (D:4)
  A bush (Lair:6)
  A fire vortex (Lair:5)
  6 fungi
  7 plants
39 creatures vanquished.

Grand Total: 848 creatures vanquished

Notes
Turn   | Place    | Note
-------+----------+-------------------------------------------
     0 | D:1      | Lavandula the Mummy Chaos Knight began the quest for the Orb.
     0 | D:1      | Reached XP level 1. HP: 18/18 MP: 1/1
    59 | D:1      | XOM: silly message
    90 | D:1      | Reached skill level 3 in Short Blades
    90 | D:1      | Reached XP level 2. HP: 24/24 MP: 2/2
   207 | D:1      | XOM: smoke on damage
   275 | D:1      | XOM: silly message
   280 | D:1      | Reached XP level 3. HP: 22/29 MP: 3/3
   342 | D:1      | XOM: divination: detect items
   832 | D:2      | XOM: 8-stop teleportation journey
   927 | D:2      | Reached skill level 4 in Short Blades
   963 | D:2      | Reached XP level 4. HP: 35/35 MP: 4/4
  1013 | D:2      | Found a stormy altar of Qazlal.
  1081 | D:2      | XOM: god gift: 6 tomahawks of dispersal
  1265 | D:3      | Noticed Potsanchik's ghost (amateur DEAM)
  1351 | D:2      | XOM: god gift: emerald potion {god gift}
  1402 | D:2      | XOM: god gift: 850 gold pieces
  1480 | D:3      | XOM: destruction
  1762 | D:2      | Reached XP level 5. HP: 41/41 MP: 5/5
  1789 | D:3      | XOM: cleaving
  1790 | D:3      | Reached skill level 5 in Short Blades
  1866 | D:3      | XOM: summons 2 hostile demons
  1867 | D:3      | Noticed a sixfirhy
  1919 | D:2      | XOM: harmless Chrm miscast
  2058 | D:3      | XOM: 5-stop teleportation journey
  2089 | D:3      | XOM: smoke on damage
  2107 | D:2      | XOM: mild Necr miscast
  2260 | D:2      | XOM: stat loss: -1 Int (11/12)
  2400 | D:3      | XOM: enchant monster (good)
  2505 | D:3      | XOM: 2-stop teleportation journey
  2537 | D:3      | XOM: scenery: create altars
  2560 | D:3      | XOM: cleaving
  2576 | D:3      | XOM: enchant monster (good)
  2576 | D:3      | XOM: smoke on damage
  2577 | D:3      | Killed Potsanchik's ghost
  2577 | D:3      | Reached XP level 6. HP: 19/47 MP: 6/6
  2715 | D:3      | XOM: god gift: glowing glaive {god gift}
  3068 | D:4      | Noticed Pikel
  3068 | D:4      | Noticed a slave
  3068 | D:4      | Noticed a slave
  3069 | D:4      | Noticed a slave
  3075 | D:4      | Noticed a slave
  3079 | D:4      | Killed Pikel
  3079 | D:4      | Reached XP level 7. HP: 46/52 MP: 7/7
  3124 | D:4      | Killed p0werm0de's ghost
  3175 | D:4      | Found a staircase to the Ecumenical Temple.
  3191 | D:4      | Found a blossoming altar of Fedhas.
  3192 | D:4      | XOM: summons 3 friendly demons
  3385 | D:4      | Reached skill level 6 in Short Blades
  3708 | D:5      | Entered Level 5 of the Dungeon
  3882 | D:4      | XOM: 5-stop teleportation journey
  4035 | D:5      | Noticed Potsanchik's ghost (amateur DEAM)
  4091 | D:5      | Banished Potsanchik's ghost
  4091 | D:5      | Reached XP level 8. HP: 54/58 MP: 7/9
  4590 | D:6      | XOM: mild Pois miscast
  4664 | D:6      | XOM: harmless Hex miscast
  4845 | D:6      | Reached skill level 7 in Short Blades
  4876 | D:6      | XOM: blink monster(s)
  5054 | D:6      | XOM: chaos upgrade
  5355 | D:6      | XOM: confuse monster(s)
  5370 | D:6      | Reached skill level 8 in Short Blades
  5381 | D:6      | XOM: harmless Fire miscast
  5407 | D:6      | XOM: confuse monster(s)
  5419 | D:6      | XOM: noise
  5503 | D:6      | XOM: divination: detect items
  5695 | D:6      | XOM: harmless Necr miscast
  5787 | D:6      | Reached XP level 9. HP: 42/64 MP: 10/10
  5799 | D:6      | XOM: harmless Ice miscast
  5996 | D:7      | XOM: mild Chrm miscast
  6354 | D:8      | Noticed a two-headed ogre
  6443 | D:8      | XOM: mild Air miscast
  6658 | D:8      | Reached skill level 5 in Fighting
  6680 | D:8      | XOM: potion effect (invisibility)
  6688 | D:8      | XOM: divination: detect creatures
  6691 | D:8      | XOM: severe Tmut miscast
  6707 | D:8      | Reached skill level 1 in Dodging
  6767 | D:8      | Noticed Gorice's ghost (novice DsWn)
  6827 | D:8      | XOM: cast spell 'Summon Horrible Things'
  6836 | D:8      | Killed Gorice's ghost
  6905 | D:8      | XOM: destruction
  7312 | D:8      | XOM: potion effect (brilliance)
  7330 | D:8      | Reached skill level 1 in Stealth
  7331 | D:8      | XOM: cast spell 'Disjunction'
  7350 | D:8      | XOM: 4-stop teleportation journey
  7615 | D:9      | Noticed Prince Ribbit
  7624 | D:8      | XOM: summons 4 friendly demons
  7761 | D:9      | XOM: god gift: wand of enslavement (12)
  7771 | D:9      | XOM: swap monsters
  7810 | D:9      | XOM: cleaving
  7826 | D:9      | Noticed a two-headed ogre
  7832 | D:9      | XOM: scenery: 1 doors open
  7840 | D:9      | XOM: summons friendly white imp
  7847 | D:9      | Killed a two-headed ogre
  7847 | D:9      | Reached skill level 5 in Stealth
  7847 | D:9      | Reached XP level 10. HP: 38/74 MP: 11/11
  7961 | D:8      | XOM: god gift: embroidered hat {god gift}
  8014 | D:9      | Noticed a black mamba
  8014 | D:9      | a yak changed into a black mamba
  8014 | D:9      | XOM: polymorph yak -> black mamba
  8021 | D:8      | Reached skill level 9 in Short Blades
  8226 | D:8      | XOM: summons 3 hostile demons
  8372 | D:9      | XOM: confusion
  8392 | D:9      | Noticed a two-headed ogre
  8483 | D:8      | Noticed a death drake
  8483 | D:8      | a black mamba changed into a death drake
  8522 | D:8      | Killed a death drake
  8674 | D:9      | XOM: enchant monster (good)
  8740 | D:9      | XOM: enchant monster (good)
  8973 | D:8      | XOM: scenery: 2 doors close
  9114 | D:9      | XOM: enchant monster (bad)
  9119 | D:9      | Killed a two-headed ogre
  9119 | D:9      | Reached skill level 10 in Short Blades
  9257 | D:9      | Noticed a two-headed ogre
  9266 | D:9      | Killed a two-headed ogre
  9544 | D:9      | XOM: scenery: create altars
  9627 | D:9      | Noticed Erica
  9741 | D:9      | XOM: scenery: 1 doors close
  9795 | D:10     | Entered Level 10 of the Dungeon
  9925 | D:10     | XOM: harmless Fire miscast
  9965 | D:10     | XOM: confuse monster(s)
  9970 | D:10     | Reached XP level 11. HP: 84/84 MP: 12/12
 10000 | D:10     | Killed an unseen horror
 10105 | D:10     | XOM: medium Chrm miscast
 10111 | D:10     | XOM: god gift: 52 gold pieces
 10238 | D:10     | Noticed a two-headed ogre
 10242 | D:10     | XOM: enchant monster (good)
 10247 | D:10     | XOM: cleaving
 10250 | D:10     | XOM: butterfly on damage
 10252 | D:10     | Killed a two-headed ogre
 10463 | D:10     | Found a staircase to the Lair.
 10493 | D:10     | XOM: divination: detect items
 10530 | D:10     | XOM: mild Chrm miscast
 10800 | D:10     | XOM: noise
 11001 | D:11     | XOM: polymorph big kobold -> fire bat
 11179 | D:11     | XOM: 1-stop teleportation journey
 11212 | D:10     | XOM: silly message
 11430 | D:11     | XOM: stat loss: -1 Int (11/12)
 11496 | D:11     | Reached skill level 5 in Dodging
 11505 | D:11     | XOM: polymorph orc -> frilled lizard
 11542 | D:11     | Reached skill level 1 in Shields
 11654 | D:11     | Noticed a two-headed ogre
 11660 | D:11     | XOM: enchant monster (bad)
 11719 | D:11     | XOM: fog
 11721 | D:11     | Killed a two-headed ogre
 11760 | D:11     | XOM: 3-stop teleportation journey
 11909 | D:11     | XOM is BORED!
 11909 | D:11     | XOM: summons 1 hostile shadow creature
 12015 | D:11     | Found a staircase to the Orcish Mines.
 12276 | D:11     | XOM: 5-stop teleportation journey
 12378 | D:11     | Noticed a two-headed ogre
 12380 | D:11     | Killed a two-headed ogre
 12380 | D:11     | Reached skill level 5 in Shields
 12606 | D:12     | Noticed a centaur warrior
 12607 | D:12     | XOM: scenery: 2 doors open
 12613 | D:12     | Killed a centaur warrior
 12653 | D:12     | XOM: destruction
 12681 | D:12     | Learned a level 3 spell: Conjure Flame
 12706 | D:12     | XOM: silly message
 12748 | D:12     | XOM: destruction
 12752 | D:12     | XOM: enchant monster (good)
 12754 | D:12     | XOM: enchant monster (good)
 12869 | D:12     | XOM: cloud trail
 12882 | D:12     | XOM: confuse monster(s)
 12885 | D:12     | Reached skill level 1 in Spellcasting
 12918 | D:12     | XOM: cast spell 'Chain of Chaos'
 12929 | D:12     | Reached XP level 12. HP: 93/93 MP: 15/15
 12939 | D:12     | XOM: cast spell 'Alistair's Intoxication'
 13008 | D:12     | XOM: destruction
 13017 | D:12     | XOM: cast spell 'Death Channel'
 13020 | D:12     | Reached skill level 1 in Conjurations
 13020 | D:12     | Reached skill level 1 in Fire Magic
 13041 | D:12     | XOM: cleaving
 13059 | D:12     | XOM: summons friendly quasit
 13091 | D:12     | XOM: cast spell 'Summon Dragon'
 13193 | D:12     | Noticed a two-headed ogre
 13200 | D:12     | Killed a two-headed ogre
 13510 | D:12     | XOM: fog
 13534 | D:12     | XOM: confuse monster(s)
 13735 | D:13     | XOM: noise
 13758 | D:13     | XOM: cleaving
 13767 | D:13     | Noticed a centaur warrior
 13786 | D:13     | XOM: summons friendly crimson imp
 13789 | D:13     | Killed a centaur warrior
 13869 | D:13     | Noticed a centaur warrior
 13876 | D:13     | XOM: enchant monster (good)
 13884 | D:13     | Killed a centaur warrior
 13884 | D:13     | Reached skill level 5 in Spellcasting
 13893 | D:13     | Found a frozen archway.
 13897 | D:13     | Noticed an ice dragon
 13899 | D:13     | XOM: fog
 13948 | D:13     | XOM: harmless Summ miscast
 13954 | D:13     | Killed an ice dragon
 14001 | D:13     | Learned a level 4 spell: Sticky Flame
 14002 | IceCv    | Entered an ice cave
 14002 | IceCv    | Noticed mortelune's ghost (journeyman DEFE)
 14003 | IceCv    | XOM: summons friendly white imp
 14006 | IceCv    | Found a transporter.
 14115 | D:13     | XOM: scenery: 1 doors open, 1 doors close
 14135 | D:13     | XOM: harmless Ice miscast
 14144 | D:13     | XOM: summons 8 friendly demons
 14356 | D:13     | Learned a level 2 spell: Throw Flame
 14406 | D:13     | XOM: destruction
 14622 | D:13     | Found a runed door.
 14630 | D:13     | Found a runed door.
 14653 | D:13     | Found a runed door.
 14719 | D:13     | Noticed a vault guard
 14719 | D:13     | Noticed a vault guard
 14720 | D:13     | Noticed a vault guard
 14720 | D:13     | Noticed a vault guard
 14720 | D:13     | Found a gate to the Vaults.
 14720 | D:13     | Noticed a vault guard
 14720 | D:13     | Noticed a vault guard
 14720 | D:13     | Noticed a vault guard
 14723 | D:13     | Noticed a centaur warrior
 14723 | D:13     | XOM: destruction
 14724 | D:13     | Noticed a vault guard
 14731 | D:13     | XOM: potion effect (brilliance)
 14734 | D:13     | XOM: potion effect (curing)
 14738 | D:13     | XOM: summons friendly quasit
 14751 | D:13     | XOM: summons friendly white imp
 14755 | D:13     | XOM: cast spell 'Monstrous Menagerie'
 14757 | D:12     | XOM: confuse monster(s)
 14757 | D:12     | Killed a vault guard
 14757 | D:12     | Reached skill level 5 in Conjurations
 14759 | D:12     | XOM: confuse monster(s)
 14768 | D:12     | Killed a vault guard
 14772 | D:12     | Killed a vault guard
 14772 | D:12     | Reached skill level 5 in Fire Magic
 14857 | Lair:1   | Entered Level 1 of the Lair of Beasts
 14921 | Lair:1   | Gained mutation: You are in touch with the powers of death. [Mummy growth]
 14921 | Lair:1   | Reached XP level 13. HP: 98/98 MP: 23/23
 14923 | Lair:1   | Noticed Sonja
 14930 | Lair:1   | XOM: divination: detect creatures
 14943 | Lair:1   | Killed Sonja
 15069 | Lair:1   | Noticed Grum
 15087 | Lair:1   | Killed Grum
 15322 | Lair:1   | XOM: polymorph yak -> golden eye
 15615 | Lair:1   | XOM: confuse monster(s)
 15696 | Lair:1   | XOM: god gift: scroll labeled LITEAPP TIRCHU {god gift}
 15704 | Lair:1   | Learned a level 5 spell: Fireball
 16152 | Lair:2   | XOM: destruction
 16359 | Lair:1   | Learned a level 3 spell: Inner Flame
 16369 | Lair:2   | XOM: mild Tloc miscast
 16399 | Lair:2   | XOM: fog
 16525 | Lair:2   | XOM: harmless Air miscast
 16532 | Lair:2   | Found a staircase to the Shoals.
 16781 | Lair:2   | XOM: harmless Air miscast
 17104 | Lair:2   | XOM: noise
 17325 | Lair:3   | XOM: god gift: pair of gloves {god gift}
 17353 | Lair:3   | XOM: harmless Summ miscast
 17369 | Lair:3   | XOM: fog
 17481 | Lair:3   | XOM: confusion
 17485 | Lair:3   | XOM: summons 2 friendly demons
 17644 | Lair:3   | XOM: harmless Tloc miscast
 17687 | Lair:3   | XOM: enchant monster (good)
 17739 | Lair:3   | XOM: scenery: create altars
 17762 | Lair:3   | XOM: noise
 17954 | Lair:3   | XOM: harmless Erth miscast
 18178 | Lair:3   | XOM: god gift: 26 arrows
 18276 | Lair:3   | Learned a level 3 spell: Dazzling Spray
 18356 | Lair:4   | XOM: scenery: create altars
 18369 | Lair:4   | XOM: cast spell 'Call Canine Familiar'
 18538 | Lair:4   | XOM: fake destruction
 18545 | Lair:4   | XOM: divination: detect creatures
 18661 | Lair:4   | XOM: blink monster(s)
 18807 | Lair:4   | XOM: enchant monster (good)
 19164 | Lair:4   | XOM: mild Summ miscast
 19209 | Lair:4   | Found a hole to the Spider Nest.
 19410 | Lair:5   | XOM: butterfly on damage
 19415 | Lair:5   | XOM: summons 4 friendly demons
 19527 | Lair:5   | Noticed Nessos
 19584 | Lair:5   | XOM: polymorph komodo dragon -> moth of wrath
 19843 | Lair:5   | XOM: medium Erth miscast
 20413 | Lair:6   | Entered Level 6 of the Lair of Beasts
 20597 | Lair:6   | XOM: mild Summ miscast
 20649 | Lair:6   | XOM: snakes to sticks
 20829 | Lair:6   | XOM: summons friendly crimson imp
 20838 | Lair:6   | XOM: polymorph crimson imp -> iron imp
 20843 | Lair:6   | XOM: cleaving
 20845 | Lair:6   | XOM: divine lightning
 20898 | Lair:5   | Reached XP level 14. HP: 81/105 MP: 5/24
 21103 | Lair:6   | Killed Nessos
 21104 | Lair:6   | XOM: divination: magic mapping
 21135 | Lair:6   | XOM: scenery: 1 doors open
 21137 | Lair:6   | XOM: confusion (+ monsters)
 21181 | Lair:6   | XOM: confuse monster(s)
 21202 | Lair:6   | XOM: mild Chrm miscast
 21314 | Lair:6   | Reached skill level 5 in Armour
 21391 | Lair:6   | XOM: cloud trail
 21402 | Lair:6   | XOM: confuse monster(s)
 21424 | Lair:6   | XOM: divination: detect items
 21428 | Lair:6   | XOM: noise
 21678 | Lair:6   | XOM: mild Conj miscast
 21885 | Lair:6   | XOM: god gift: crooked smoking staff {god gift}
 21921 | Lair:6   | XOM: polymorph elephant -> moth of wrath
 22096 | Lair:6   | Learned a level 3 spell: Mephitic Cloud
 22223 | Lair:6   | XOM: fog
 22232 | Lair:6   | XOM: silly message
 22240 | Lair:6   | Reached skill level 1 in Air Magic
 22297 | Lair:6   | Learned a level 2 spell: Blink
 22400 | Lair:6   | Found a runed door.
 22400 | Lair:6   | Found a viscous altar of Jiyva.
 22400 | Lair:6   | Found a staircase to the Slime Pits.
 22400 | Lair:6   | Noticed an azure jelly
 22400 | Lair:6   | Noticed an azure jelly
 22400 | Lair:6   | Noticed an azure jelly
 22400 | Lair:6   | Noticed an azure jelly
 22443 | Lair:4   | XOM: harmless Tloc miscast
 22583 | Orc:1    | Entered Level 1 of the Orcish Mines
 22588 | Orc:1    | XOM: destruction
 22593 | Orc:1    | XOM: summons 6 friendly demons
 22599 | Orc:1    | Reached skill level 1 in Translocations
 22791 | Orc:1    | Found a roughly hewn altar of Beogh.
 22908 | Orc:2    | Entered Level 2 of the Orcish Mines
 22939 | Orc:2    | Noticed an orc warlord
 22949 | Orc:2    | XOM: confuse monster(s)
 22961 | Orc:2    | Killed an orc warlord
 23059 | Orc:2    | Found a staircase to the Elven Halls.
 23117 | Orc:2    | XOM: god gift: runed quarterstaff {god gift}
 23220 | Orc:2    | XOM: divination: detect items
 23261 | Orc:2    | XOM: god gift: 4 javelins of returning
 23297 | Orc:2    | XOM: 1-stop teleportation journey
 23325 | Orc:2    | XOM: chaos cloud
 23330 | Orc:2    | XOM: blink monster(s)
 23332 | Orc:2    | XOM: summons friendly ufetubus
 23397 | Orc:2    | XOM: scenery: create altars
 23577 | Orc:2    | XOM: cast spell 'Summon Ice Beast'
 23644 | Orc:2    | XOM: god gift: 10 gold pieces
 23759 | Orc:2    | XOM: divination: detect creatures
 23788 | Orc:2    | XOM: cast spell 'Summon Small Mammal'
 23802 | Orc:2    | Reached skill level 5 in Translocations
 23818 | Orc:2    | XOM: mild Air miscast
 23853 | Orc:2    | XOM: mild Tmut miscast
 23858 | Orc:2    | XOM: divination: detect items
 23903 | Orc:2    | XOM: harmless Summ miscast
 23916 | Orc:2    | XOM: confuse monster(s)
 23966 | Orc:2    | XOM: confuse monster(s)
 24055 | Orc:2    | Found Yzooril's Assorted Antiques.
 24055 | Orc:2    | Found Dos Qoc's Armour Shop.
 24056 | Orc:2    | Found Puoph's Armour Shop.
 24056 | Orc:2    | Found Exzeodof's Book Shoppe.
 24063 | Orc:2    | Bought a silver ring for 140 gold pieces
 24073 | Orc:2    | Bought a book of Callings for 390 gold pieces
 24165 | Orc:1    | XOM: harmless Air miscast
 24318 | Orc:2    | XOM: medium Hex miscast
 24361 | Orc:1    | Noticed an orc warlord
 24367 | Orc:1    | XOM: harmless Conj miscast
 24384 | Orc:1    | Killed an orc warlord
 24488 | Orc:1    | XOM: harmless Erth miscast
 24526 | Orc:2    | Learned a level 4 spell: Summon Lightning Spire
 24671 | D:13     | Reached XP level 15. HP: 107/110 MP: 25/27
 24675 | D:13     | XOM: harmless Chrm miscast
 24692 | D:13     | Found a runed door.
 24721 | D:13     | XOM: potion effect (agility)
 24727 | D:13     | XOM: harmless Erth miscast
 24863 | D:13     | XOM: fog
 24897 | D:13     | XOM: medium Summ miscast
 24917 | D:13     | XOM: harmless Necr miscast
 25133 | D:13     | XOM: god gift: emerald potion {god gift}
 25300 | D:14     | XOM: polymorph centaur warrior -> two-headed ogre
 25310 | D:14     | XOM: 1-stop teleportation journey
 25330 | D:14     | XOM: confuse monster(s)
 25431 | D:14     | Noticed Frances
 25451 | D:14     | Killed Frances
 25451 | D:14     | Reached skill level 5 in Air Magic
 25653 | D:14     | XOM: harmless Chrm miscast
 25806 | D:14     | XOM: noise
 25809 | D:14     | XOM: scenery: 1 doors open, 2 doors close
 25870 | D:14     | XOM: scenery: 3 doors close
 25926 | D:14     | XOM: harmless Conj miscast
 25966 | D:14     | XOM: harmless Ice miscast
 25968 | D:14     | XOM: swap monsters
 26067 | D:15     | Entered Level 15 of the Dungeon
 26356 | D:13     | XOM: medium Chrm miscast
 26358 | D:13     | XOM: noise
 26484 | Lair:1   | XOM: summons 7 hostile demons
 26562 | Shoals:1 | Entered Level 1 of the Shoals
 26831 | Shoals:1 | XOM: fog
 26918 | Shoals:1 | XOM: god gift: 53 gold pieces
 27026 | Shoals:1 | XOM: divination: magic mapping
 27048 | Shoals:1 | XOM: cast spell 'Leda's Liquefaction'
 27058 | Shoals:1 | XOM: enchant monster (good)
 27109 | Shoals:1 | XOM: potion effect (brilliance)
 27123 | Shoals:1 | XOM: noise
 27302 | Shoals:1 | XOM: 2-stop teleportation journey
 27303 | Shoals:1 | XOM: polymorph sea snake -> anaconda
 27304 | Shoals:1 | XOM: cast spell 'Call Canine Familiar'
 27312 | Shoals:1 | Reached skill level 1 in Summonings
 27377 | Shoals:1 | XOM: noise
 27822 | Shoals:1 | XOM: harmless Fire miscast
 27838 | Shoals:2 | XOM: summons 2 hostile shadow creatures
 28031 | Shoals:2 | XOM: confusion (+ monsters)
 28233 | Shoals:2 | XOM: confuse monster(s)
 28256 | Shoals:2 | XOM: enchant monster (bad)
 28536 | Shoals:2 | Reached skill level 5 in Summonings
 28617 | Shoals:2 | XOM: blink monster(s)
 28653 | Shoals:2 | XOM: noise
 28669 | Shoals:2 | XOM: stat loss: -1 Str (15/16)
 29044 | Shoals:2 | XOM: harmless Conj miscast
 29045 | Shoals:2 | XOM: harmless Hex miscast
 29108 | Shoals:2 | Learned a level 1 spell: Summon Butterflies
 29325 | Shoals:3 | Got a pair of polished gloves
 29336 | Shoals:3 | Identified the cursed -7 pair of gloves of Amorality {rC+ Str+4} (You found it on level 3 of the Shoals)
 29452 | Shoals:3 | Noticed Jorgrun
 29465 | Shoals:3 | Killed Jorgrun
 29495 | Shoals:3 | XOM: swap monsters
 29506 | Shoals:3 | Reached XP level 16. HP: 105/117 MP: 24/28
 29583 | Shoals:3 | XOM: enchant monster (good)
 29860 | Shoals:3 | XOM: scenery: create altars
 30057 | Shoals:3 | XOM: god gift: bloodstained spear {god gift}
 30215 | Shoals:3 | XOM: harmless Tloc miscast
 30280 | Shoals:3 | XOM: god gift: 4 rations
 30464 | Spider:1 | Entered Level 1 of the Spider Nest
 30466 | Spider:1 | XOM: scenery: create altars
 30581 | Lair:1   | Learned a level 4 spell: Olgreb's Toxic Radiance
 30691 | Elf:1    | Entered Level 1 of the Elven Halls
 30696 | Elf:1    | XOM: fog
 30934 | Orc:2    | XOM: god gift: club {god gift}
 31113 | Lair:1   | XOM: harmless Conj miscast
 31208 | Spider:1 | XOM: potion effect (curing)
 31212 | Lair:4   | XOM: potion effect (curing)
 31217 | Lair:4   | Reached skill level 1 in Poison Magic
 31271 | Lair:4   | XOM: divination: detect creatures
 31294 | Lair:4   | XOM: god gift: wand of digging (17)
 31353 | Spider:1 | XOM: confuse monster(s)
 32235 | Spider:1 | XOM: polymorph wolf spider -> ice dragon
 32242 | Spider:1 | Killed from afar by an ice dragon

Vault maps used:
D:1:      ncdulo_halloftheorcs
D:2:      first_ration, serial_park_tiny_pond, grunt_qazlal_clouds
D:4:      lemuel_crystal_altar, minmay_temple_entry_junction, uniq_pikel
D:6:      kennysheep_generic_room_2
D:9:      uniq_erica, uniq_prince_ribbit1
D:10:     david_lair_shrubbed
D:11:     hiddenorc2_lemuel, grunt_ogre_cave
D:13:     erik_vaults_2, serial_ice, serial_ice_k, serial_ice_a, serial_ice_f,
          serial_ice_b, serial_ice_g, serial_ice_e, serial_ice_d,
          portal_ice_cave_entry_animals_and_master, minmay_statue_crystal_thing
D:14:     uniq_frances
D:15:     hangedman_depths_entry_civil_slaughter, nrook_mini_backslash
Lair:1:   uniq_sonja, uniq_grum
Lair:2:   minmay_shoals_entry_beasts, serial_bayou_shore_b
Lair:4:   dummy_spider_entry, beast_lair_carwin_7, serial_bayou_shore_b
Lair:5:   uniq_nessos
Lair:6:   gammafunk_lair_ancient_temple, slime_altar_2, lemuel_fruit_tree
Shoals:1: cheibrodos_shoals_roost
Shoals:2: nicolae_shoals_stone_sculpture_thing
Shoals:3: uniq_jorgrun
Orc:1:    nicolae_orc_accident_2, serial_shops
Orc:2:    st_orc_ogre_mass
Elf:1:    elf_arrival_002, serial_shops, shop,
          hangedman_elven_crosses_minicolossus, elves_outpost_lemuel,
          grunt_megastairs_3, uniq_agnes
IceCv:    ice_cave_statue_garden_teleport

Skill      XL: |  1  2  3  4  5  6  7  8  9 10 11 12 13 14 15 16 |
---------------+-------------------------------------------------+-----
Short Blades   | 3 4 5 6 8 10 | 10.3
Throwing       | 4 |  4.3
Evocations     | 2 4 |  4.9
Fighting       | 5 7 8 |  8.2
Dodging        | 4 5 7 |  7.2
Stealth        | 5 |  5.0
Shields        | 5 |  5.7
Spellcasting   | 1 7 8 |  8.2
Conjurations   | 5 8 |  8.0
Fire Magic     | 5 8 |  8.0
Armour         | 3 6 |  6.5
Air Magic      | 2 7 |  7.3
Translocations | 5 |  5.2
Summonings     | 6 7 |  7.7
Poison Magic   | 4 |  4.1

Action                   |  1- 3 |  4- 6 |  7- 9 | 10-12 | 13-15 | 16-18 || total
-------------------------+-------+-------+-------+-------+-------+-------++-------
Melee: Short sword       |   132 |   223 |   218 |       |       |       ||   573
       Dagger            |       |       |   323 |  1066 |  1359 |   212 ||  2960
 Fire: Blowgun           |       |       |       |     1 |     8 |       ||     9
Throw: Tomahawk          |       |       |    15 |    47 |    13 |       ||    75
       Javelin           |       |       |       |       |     7 |     3 ||    10
       Throwing net      |       |       |       |       |     1 |       ||     1
 Cast: Sticky Flame      |       |       |       |     5 |   127 |       ||   132
       Throw Flame       |       |       |       |     5 |    88 |    22 ||   115
       Conjure Flame     |       |       |       |     3 |     2 |       ||     5
       Fireball          |       |       |       |       |    14 |     2 ||    16
       Inner Flame       |       |       |       |       |     8 |       ||     8
       Dazzling Spray    |       |       |       |       |     3 |    13 ||    16
       Mephitic Cloud    |       |       |       |       |    46 |    20 ||    66
       Blink             |       |       |       |       |     6 |    12 ||    18
       Olgreb's Toxic Ra |       |       |       |       |       |    17 ||    17
       Summon Lightning  |       |       |       |       |       |     5 ||     5
Evoke: Wand              |       |       |     4 |    17 |     6 |     1 ||    28
       Lightning rod     |       |       |       |       |     2 |       ||     2
       Lamp of fire      |       |       |       |       |       |     1 ||     1
  Use: Scroll            |       |     7 |     4 |    10 |    14 |     2 ||    37
 Stab: Petrifying        |     1 |     2 |     4 |     2 |     2 |       ||    11
       Confused          |       |     1 |    10 |     9 |    34 |     9 ||    63
       Paralysed         |       |       |     5 |     1 |     6 |       ||    12
       Petrified         |       |       |     2 |     1 |       |       ||     3
       Invisible         |       |       |     2 |       |     2 |     1 ||     5
       Sleeping          |       |       |       |    11 |    10 |       ||    21
       Distracted        |       |       |       |     4 |     5 |       ||     9
       Held in net/web   |       |       |       |       |     1 |       ||     1
Armor: Leather armour    |    41 |    56 |   126 |    95 |       |       ||   318
       Troll leather arm |       |       |       |    84 |   298 |   126 ||   508
Dodge: Dodged            |    64 |    80 |   203 |   382 |   568 |   217 ||  1514
       Deflected         |       |       |     1 |    18 |    20 |     9 ||    48
Block: Buckler           |       |       |       |    74 |   280 |    71 ||   425

Table legend:
 A = Spawn XP
 B = Non-spawn XP
 C = Spawn XP percentage of total XP
 D = Spawn monster count
 E = Non-spawn monster count
 F = Spawn count percentage of total count
 G = Total turns spent on level
                    A         B        C        D         E        F      G
               +---------+---------+-------+---------+---------+-------+---------
         Total |       0 |  172880 |   0.0 |       0 |     816 |   0.0 | 32242
               +---------+---------+-------+---------+---------+-------+---------
           D:1 |       0 |      66 |   0.0 |       0 |      33 |   0.0 |   819
           D:2 |       0 |      93 |   0.0 |       0 |      18 |   0.0 |  1090
           D:3 |       0 |     266 |   0.0 |       0 |      33 |   0.0 |  1094
           D:4 |       0 |     791 |   0.0 |       0 |      11 |   0.0 |   863
           D:5 |       0 |     551 |   0.0 |       0 |       9 |   0.0 |   855
           D:6 |       0 |    1199 |   0.0 |       0 |      37 |   0.0 |  1262
           D:7 |       0 |     179 |   0.0 |       0 |       4 |   0.0 |   436
           D:8 |       0 |    2724 |   0.0 |       0 |      38 |   0.0 |  2235
           D:9 |       0 |    4618 |   0.0 |       0 |      24 |   0.0 |  1141
          D:10 |       0 |    3856 |   0.0 |       0 |      28 |   0.0 |  1596
          D:11 |       0 |    5548 |   0.0 |       0 |      77 |   0.0 |  1581
          D:12 |       0 |    7724 |   0.0 |       0 |      40 |   0.0 |  1158
          D:13 |       0 |   18259 |   0.0 |       0 |      66 |   0.0 |  1686
          D:14 |       0 |    8395 |   0.0 |       0 |      22 |   0.0 |   840
          D:15 |       0 |     260 |   0.0 |       0 |       2 |   0.0 |   246
        Lair:1 |       0 |    5120 |   0.0 |       0 |      27 |   0.0 |  1565
        Lair:2 |       0 |    2659 |   0.0 |       0 |      10 |   0.0 |  1212
        Lair:3 |       0 |    4168 |   0.0 |       0 |      19 |   0.0 |  1042
        Lair:4 |       0 |   14128 |   0.0 |       0 |      57 |   0.0 |  2400
        Lair:5 |       0 |    4538 |   0.0 |       0 |      20 |   0.0 |  1249
        Lair:6 |       0 |   18455 |   0.0 |       0 |      52 |   0.0 |  1583
      Shoals:1 |       0 |   12956 |   0.0 |       0 |      26 |   0.0 |  1387
      Shoals:2 |       0 |   14936 |   0.0 |       0 |      34 |   0.0 |  1187
      Shoals:3 |       0 |   14568 |   0.0 |       0 |      26 |   0.0 |  1221
      Spider:1 |       0 |    2583 |   0.0 |       0 |      10 |   0.0 |   104
         Orc:1 |       0 |    5856 |   0.0 |       0 |      40 |   0.0 |   660
         Orc:2 |       0 |   18257 |   0.0 |       0 |      51 |   0.0 |  1694
         IceCv |       0 |     127 |   0.0 |       0 |       2 |   0.0 |    18
               +---------+---------+-------+---------+---------+-------+---------
